AoeStats
← Lucas_lupo

Arabia

509403313Analyzed
4v4 RM · 5d ago on Sep 26, 2026· 48m 26s· 8 players
Game mode
Random Map
Map size
Large (8 player)
Population
200
Speed
Normal
Resources
Standard
Victory
Conquest
Starting age
Dark Age
Ending age
Imperial Age
RankedLock teamsTeams togetherTeam positionsShared explorationLock speedFull tech treeHidden civsTurbo modeCheats
Victory
Defeat
🇨🇳 Varangians · China
819
+11
🇮🇹 Britons · Italy
752
+13
🇹🇼 Saxons · Taiwan
731
+14
🇮🇳 Persians · India
706
+15
🇦🇷 Spanish · Argentina
762
-15
🇹🇷 Wu · Türkiye
686
-13
🇺🇸 Persians · United States
673
-13
🇮🇹 Bohemians · Italy
662
-12
Yannis
0:29 Loom
10:41 Feudal Age
11:42 Double-Bit Axe
24:14 Castle Age
22:56 Fletching
23:07 Scale Mail Armor
24:09 Padded Archer Armor
24:27 Horse Collar
24:32 Elite Skirmisher
25:29 Bow Saw
25:55 Stone Mining
30:52 Pikeman
31:39 Heavy Plow
32:18 Wheelbarrow
35:08 Imperial Age
33:14 Leather Archer Armor
33:38 Gold Mining
34:06 Forging
34:18 Town Watch
35:19 Bodkin Arrow
36:55 Ring Archer Armor
36:26 Bracer
38:02 Iron Casting
38:25 Chain Mail Armor
39:39 Gold Shaft Mining
40:38 Chemistry
39:50 Fortified Wall
40:01 Ballistics
40:35 Conscription
41:22 Blast Furnace
40:49 Halberdier
Uruz_7
6:40 Loom
11:12 Feudal Age
12:39 Double-Bit Axe
18:17 Castle Age
21:57 Forging
22:29 Squires
23:40 Arson
23:58 Scale Mail Armor
25:05 Gambesons
27:31 Wheelbarrow
26:45 Horse Collar
27:16 Gold Mining
36:50 Imperial Age
36:31 Iron Casting
36:13 Chain Mail Armor
36:40 Caravan
37:58 Conscription
37:31 Town Watch
37:45 Stone Mining
39:23 Shield Wall
41:42 Elite Hearth Troop
42:02 Onager
47:51 Elite Varangian Guard
Incognito3597
10:45 Feudal Age
12:03 Wheelbarrow
11:15 Double-Bit Axe
11:11 Horse Collar
11:25 Gold Mining
19:51 Castle Age
19:51 Stone Mining
20:31 Bow Saw
20:38 Hand Cart
20:25 Heavy Plow
21:04 Gold Shaft Mining
21:40 Stone Shaft Mining
31:17 Imperial Age
29:35 Fletching
29:47 Scale Mail Armor
29:52 Scale Barding Armor
29:47 Padded Archer Armor
29:59 Forging
29:13 Elite Skirmisher
29:59 Thumb Ring
29:14 Crossbowman
30:08 Bloodlines
29:59 Husbandry
30:04 Squires
29:25 Pikeman
30:21 Murder Holes
32:50 Two-Man Saw
34:37 Crop Rotation
36:18 Kamandaran
36:40 Conscription
36:56 Hoardings
37:49 Bodkin Arrow
38:59 Citadels
40:57 Elite War Elephant
46:10 Chemistry
45:31 Ballistics
45:22 Masonry
45:30 Block Printing
45:10 Herbal Medicine
45:51 Theocracy
45:27 Fervor
46:25 Leather Archer Armor
46:30 Chain Barding Armor
46:26 Chain Mail Armor
46:47 Iron Casting
Iluvatar
3:58 Loom
10:46 Feudal Age
14:06 Double-Bit Axe
16:42 Castle Age
16:48 Horse Collar
18:26 Bow Saw
21:09 Forging
22:22 Scale Mail Armor
26:22 Gold Mining
26:34 Stone Mining
27:03 Heavy Plow
35:08 Imperial Age
33:14 Wheelbarrow
32:25 Town Watch
32:36 Fletching
32:28 Elite Skirmisher
33:54 Fortified Wall
33:28 Treadmill Crane
35:11 Squires
35:24 Bodkin Arrow
35:45 Chain Mail Armor
35:30 Padded Archer Armor
36:04 Hand Cart
36:16 Conscription
37:33 Crop Rotation
37:15 Gothikon
37:51 Arson
37:52 Gambesons
38:51 Iron Casting
39:14 Elite Varangian Guard
40:57 Blast Furnace
40:28 Plate Mail Armor
42:47 Bracer
43:03 Leather Archer Armor
birtanonline
0:49 Loom
12:49 Feudal Age
13:41 Double-Bit Axe
13:48 Stone Mining
14:05 Horse Collar
14:13 Town Watch
17:20 Wheelbarrow
17:24 Gold Mining
22:02 Castle Age
19:56 Fletching
20:07 Padded Archer Armor
22:56 Bow Saw
22:48 Heavy Plow
23:25 Stone Shaft Mining
23:27 Gold Shaft Mining
23:21 Bodkin Arrow
24:48 Town Patrol
26:50 Leather Archer Armor
28:00 Hand Cart
28:54 Masonry
29:30 Caravan
29:29 Treadmill Crane
29:45 Murder Holes
32:06 Ballistics
35:24 Imperial Age
34:38 Red Cliffs Tactics
37:18 Two-Man Saw
36:39 Conscription
36:21 Sitting Tiger
36:33 Guilds
37:03 Architecture
37:58 Chemistry
37:53 Bracer
38:46 Elite Fire Archer
vasia003
0:30 Loom
12:12 Feudal Age
19:01 Castle Age
17:44 Double-Bit Axe
17:44 Horse Collar
27:30 Chemistry
32:24 Imperial Age
30:29 Bow Saw
32:49 Padded Archer Armor
32:40 Fletching
33:29 Conscription
33:50 Houfnice
39:31 Bodkin Arrow
39:51 Leather Archer Armor
Lucas_lupo
0:43 Loom
11:00 Feudal Age
11:31 Double-Bit Axe
20:51 Castle Age
19:16 Horse Collar
19:51 Bloodlines
27:35 Scale Barding Armor
34:32 Wheelbarrow
35:01 Heavy Plow
35:13 Bow Saw
36:19 Padded Archer Armor
36:10 Fletching
41:24 Imperial Age
43:21 Chain Barding Armor
44:50 Ballistics
iLLusionzi
4:00 Loom
13:12 Feudal Age
13:39 Horse Collar
13:46 Double-Bit Axe
19:53 Wheelbarrow
20:00 Gold Mining
20:02 Stone Mining
22:17 Castle Age
21:58 Forging
21:54 Scale Barding Armor
21:46 Fletching
23:37 Heavy Plow
23:52 Bow Saw
24:33 Bloodlines
28:53 Town Watch
29:20 Devotion
30:16 Ballistics
30:07 Masonry
29:52 Murder Holes
30:39 Caravan
33:54 Hand Cart
34:18 Coinage
39:01 Imperial Age
37:33 Chain Barding Armor
37:13 Scale Mail Armor
38:07 Iron Casting
37:40 Pikeman
38:21 Squires
39:57 Architecture
41:07 Two-Man Saw
40:40 Crop Rotation
40:24 Citadels
40:35 Conscription
41:37 Hoardings
41:57 Banking
41:43 Guilds
42:22 Faith
43:05 Plate Barding Armor
43:02 Chain Mail Armor
43:47 Blast Furnace
42:43 Bodkin Arrow
44:04 Halberdier
44:29 Arson
44:06 Halberdier
44:33 Arson
48:21 Plate Mail Armor
Connection lost

Rejoining the realm…

Still unreachable

The connection could not be restored.

Session expired

The server has moved on; the page needs a fresh start.